[Event "*** SCC Grand Prix: Titled Tuesday Blitz"]
[Site "Chess.com"]
[Date "2020.09.08"]
[Round "10"]
[White "Schandenfreude"]
[Black "tk22h"]
[Result "0-1"]
[WhiteElo "2500"]
[BlackElo "2401"]
[TimeControl "180+1"]
[EndTime "11:57:22 PDT"]
[Termination "tk22h won on time"]

1. Nf3 Nf6 2. c4 c5 3. Nc3 Nc6 4. d4 cxd4 5. Nxd4 e6 6. g3 Bc5 7. Nb3 Bb4 8. Bg2 d5 9. cxd5 Nxd5 10. Bd2 Nxc3 11. bxc3 Be7 12. O-O O-O 13. Be3 Qc7 14.
Nd4 Bd7 15. Nb5 Qc8 16. Nd6 Bxd6 17. Qxd6 Rd8 18. Rab1 Be8 19. Qa3 Rb8 20. c4 b6 21.
c5 b5 22. Rfd1 a6 23. Rd6 Ne5 24. Qxa6 Nc4 25. Qxc8 Rdxc8 26. Bf4 e5 27. Be3 Nxe3 28.
fxe3 Rxc5 29. Rd5 Rxd5 30. Bxd5 Kf8 31. e4 Rc8 32. Kf2 Ke7 33. Ke3 f6 34. Kd2 Rc7 35. Rb3 Ra7 36. Rc3 Kd6 37. Rc8 Bf7 38. Bxf7 Rxf7 39. Rb8 Kc6 40. Rh8 h6 41. Rg8 Ra7 42. Kc3 Ra3+ 43. Kb2 Re3 44. Rxg7 Rxe2+ 45. Kc3 Rxh2 46.
Rg6 Rxa2 47. Rxf6+ Kc5 48. Rxh6 Ra3+ 49. Kd2 Rxg3 50.
Re6 Kd4 51. Rb6 Rg2+ 52. Ke1 Ke3 53. Kf1 Rb2 54. Rb8 Kxe4 55. Ke1 Ke3 56. Kd1 e4 57.
Kc1 Rb4 58. Kd1 Rd4+ 59. Ke1 Rc4 60. Kd1 b4 61. Rh8 Kd3 62. Rd8+ Rd4 63. Rb8 e3 64.
Ke1 Rh4 65. Rd8+ Kc2 66. Ke2 Rh3 67. Rc8+ Kb2 68. Rh8 Rxh8 0-1

[Event "*** SCC Grand Prix: Titled Tuesday Blitz"]
[Site "Chess.com"]
[Date "2020.09.08"]
[Round "10"]
[White "pitterson"]
[Black "WiktoriaPOL"]
[Result "1-0"]
[WhiteElo "2214"]
[BlackElo "1967"]
[TimeControl "180+1"]
[EndTime "11:57:23 PDT"]
[Termination "pitterson won on time"]

1. d4 Nf6 2. c4 g6 3. Nc3 Bg7 4. e4 d6 5. Nf3 O-O 6. Be2 e5 7. O-O Nc6 8. d5 Ne7 9. Ne1 Nd7 10. f3 f5 11. g4 f4 12. h4 Kh8 13. Nd3 Ng8 14.
Qe1 h6 15. Kg2 Nc5 16. Nxc5 dxc5 17. Qf2 b6 18. Bd2 Bb7 19. Rh1 Ne7 20. a3 a5 21. b3 Nc8 22. Rag1 Nd6 23. Kh2 Bc8 24.
Bf1 Bd7 25. Bh3 a4 26. bxa4 Bxa4 27. g5 h5 28. Ra1 Nxc4 29. Bc1 Bd7 30. Bf1 Na5 31.
Nb5 Bxb5 32. Bxb5 Nb3 33. Ra2 Nd4 34. Bd3 Ra5 35. Bd2 Ra7 36. Bc3 Qa8 37. Rha1 Ra4 38. Bxd4 Rxd4 39. Bb5 Qa5 40. a4 Rb4 41. Qg2 Ra8 42.
Qh3 Qa7 43. Qe6 Kh7 44. Qf7 Rf8 45. Qe6 Qb8 46. Bd7 Qd8 47. a5 b5 48. a6 Qa8 49. a7 Rg8 50. Bc6 1-0

[Event "*** SCC Grand Prix: Titled Tuesday Blitz"]
[Site "Chess.com"]
[Date "2020.09.08"]
[Round "10"]
[White "crossingthestreet"]
[Black "Elegance_Riks"]
[Result "1/2-1/2"]
[WhiteElo "2468"]
[BlackElo "2601"]
[TimeControl "180+1"]
[EndTime "11:57:24 PDT"]
[Termination "Game drawn by agreement"]

1. c4 e6 2. Nc3 d5 3. e3 c5 4. cxd5 exd5 5. Nf3 Nf6 6. d4 Nc6 7. Bb5 Bd6 8. O-O O-O 9. dxc5 Bxc5 10. b3 Bg4 11. Bb2 d4 12. Na4 Qd5 13. Bxc6 bxc6 14. Nxc5 Qxc5 15. Bxd4 Qf5 16. Bxf6 Qxf6 17. Qd4 Bxf3 18.
Qxf6 gxf6 19. gxf3 Rfd8 20. Rfc1 Rd6 21. Rc2 Kf8 22.
Rac1 Rc8 23. b4 Ke7 24. b5 Rg8+ 25. Kf1 cxb5 26. Rc7+ Rd7 27. R1c5 Rb8 28. Rxd7+ Kxd7 29. Rh5 a5 30. Rxh7 Ke6 31. Rh4 b4 32. Ke2 a4 33.
Kd2 f5 34. Rd4 b3 35. axb3 axb3 36. Kc1 Rc8+ 37. Kb2 Rc2+ 38. Kxb3 Rxf2 39. f4 Rxh2 40. Kc3 Rh1 41. Ra4 Rd1 42. Ra5 Rd5 43. Rxd5 Kxd5 44. Kd3 f6 45. Kd2 Kc4 46. Kc2 Kc5 47. Kc3 Kd5 48. Kd3 Kc5 49. e4 fxe4+ 50. Kxe4 Kd6 51. Kf5 Ke7 52. Ke4 Ke6 53. Ke3 Kd5 54. Kd3 f5 55. Ke3 Kc4 56. Kf3 Kd3 57. Kg3 Ke3 58. Kg2 Kxf4 59.
Kf2 Ke4 60. Ke2 f4 61. Kf2 Kf5 62. Kf1 Kg4 63. Kg2 Kg5 64. Kf3 Kf5 65. Kf2 Ke4 66. Ke2 f3+ 67. Kf2 Kf4 68. Kf1 Ke3 69. Ke1 1/2-1/2

[Event "*** SCC Grand Prix: Titled Tuesday Blitz"]
[Site "Chess.com"]
[Date "2020.09.08"]
[Round "10"]
[White "NotFischer"]
[Black "Zhani-Z"]
[Result "0-1"]
[WhiteElo "2264"]
[BlackElo "2514"]
[TimeControl "180+1"]
[EndTime "11:57:25 PDT"]
[Termination "Zhani-Z won by checkmate"]

1. e4 c5 2. Nf3 Nf6 3. Nc3 d5 4.
exd5 Nxd5 5. Bb5+ Bd7 6. a4 Nf6 7. O-O Nc6 8. Re1 e6 9. d4 cxd4 10. Nxd4 Be7 11. Be3 O-O 12. Nxc6 bxc6 13. Bd3 Nd5 14. Bd4 Rb8 15. Qh5 g6 16. Qh6 Bf6 17. Bc5 Bg7 18. Qd2 Re8 19. Nxd5 cxd5 20. c3 Qc7 21. b4 Rec8 22. Ba6 Re8 23. Qe3 Ra8 24. h4 h5 25. a5 e5 26. Rad1 Bc6 27. Qg3 Re6 28. Bd3 Qb7 29. c4 d4 30. f3 f5 31.
Bxf5 gxf5 32. Qg5 Qf7 33. Re2 Bxf3 34. gxf3 Rg6 35. Rde1 Rxg5+ 36. hxg5 Qg6 37. f4 e4 38. Kh2 d3 39. Rd2 Rc8 40. Red1 Rxc5 41. bxc5 Qc6 42. Rxd3 exd3 43. Rxd3 Qxc5 44. Rd8+ Kh7 45. g6+ Kxg6 46. Rd7 Qf2+ 47. Kh3 Qf3+ 48. Kh2 Qxf4+ 49. Kh1 Qxc4 50. Rd6+ Kg5 51. Rd7 Qf1+ 52. Kh2 Be5# 0-1

[Event "*** SCC Grand Prix: Titled Tuesday Blitz"]
[Site "Chess.com"]
[Date "2020.09.08"]
[Round "10"]
[White "sergiochess83"]
[Black "Alexander_Zubov"]
[Result "1-0"]
[WhiteElo "2849"]
[BlackElo "2950"]
[TimeControl "180+1"]
[EndTime "11:57:27 PDT"]
[Termination "sergiochess83 won by resignation"]

1. e4 c5 2. Nf3 e6 3. d4 cxd4 4.
Nxd4 a6 5. c4 Nf6 6. Nc3 Bb4 7.
Qd3 d6 8. Nc2 Bc5 9. b4 Bb6 10.
Be2 Nc6 11. a3 O-O 12. O-O Ne5 13. Qg3 Qc7 14. Bf4 Nxc4 15. Bxc4 Qxc4 16. Bxd6 Nh5 17. Qf3 Rd8 18. Rad1 Nf6 19. Be5 Nd7 20. Bd4 Bc7 21. Qe2 Qxe2 22. Nxe2 b6 23. f3 Bb7 24. Ne3 Rdc8 25. Bxg7 Ne5 26. Bh6 b5 27. Bf4 Bb6 28. Bxe5 Bxe3+ 29. Kh1 a5 30. Bd4 Bh6 31. Bc5 axb4 32.
axb4 Bf8 33. Bxf8 Kxf8 34. Nd4 Ba6 35. Rc1 Rc4 36. Rxc4 bxc4 37. b5 Bb7 38. h3 Ke7 39.
Rc1 Rc8 40. e5 f6 41. f4 fxe5 42. fxe5 Rc5 43. Kg1 Kd7 44. Kf2 Bd5 45. g4 Kc7 46. Ke3 Kb6 47. g5 Rc8 48. h4 Rf8 49. h5 Kc5 50. g6 hxg6 51. hxg6 Rh8 52. g7 Rh3+ 53. Kf4 Rh4+ 54. Kg5 Rh2 55. Rg1 1-0

[Event "*** SCC Grand Prix: Titled Tuesday Blitz"]
[Site "Chess.com"]
[Date "2020.09.08"]
[Round "10"]
[White "GMaka"]
[Black "GelmanAlexander"]
[Result "1-0"]
[WhiteElo "2394"]
[BlackElo "2497"]
[TimeControl "180+1"]
[EndTime "11:57:28 PDT"]
[Termination "GMaka won by resignation"]

1. Nf3 c5 2. b3 Nf6 3. Bb2 e6 4. e3 b6 5. g3 Bb7 6. Bg2 d6 7. O-O Nbd7 8. d4 Be7 9. c4 a6 10. d5 exd5 11. Nh4 g6 12. Nc3 O-O 13. Nxd5 Nxd5 14.
Bxd5 Bxd5 15. Qxd5 Bf6 16. Bxf6 Nxf6 17. Qg5 Ne4 18.
Qxd8 Rfxd8 19. Rfd1 b5 20. f4 Rab8 21. Rac1 f5 22.
Nf3 b4 23. Rd3 a5 24. Rcd1 a4 25. Ng5 Nc3 26. R1d2 a3 27. Ne6 Re8 28. Nc7 Re7 29. Nd5 Nxd5 30. Rxd5 Rxe3 31. Rxd6 Rbe8 32. Kf2 Re1 33.
R6d5 Rh1 34. Kg2 Rb1 35. Rxc5 Rb2 36. Rd5 Re2+ 37. Rxe2 Rxe2+ 38. Kf3 Rxa2 39. Rb5 Rxh2 40. Rxb4 a2 41. Ra4 Rb2 42. b4 a1=Q 43. Rxa1 Rxb4 44. Rc1 Kf7 45. c5 Rb7 46. Ke3 Ke6 47. c6 Rc7 48.
Kd4 Kd6 49. Rc5 Rxc6 50. Rxc6+ Kxc6 51. Ke5 Kc5 52. Kf6 Kd4 53. Kg7 Ke4 54. Kxh7 Kf3 55. Kxg6 Kxg3 56. Kxf5 1-0

[Event "*** SCC Grand Prix: Titled Tuesday Blitz"]
[Site "Chess.com"]
[Date "2020.09.08"]
[Round "10"]
[White "Susal_De_Silva"]
[Black "Kazan28"]
[Result "1-0"]
[WhiteElo "2518"]
[BlackElo "2273"]
[TimeControl "180+1"]
[EndTime "11:57:30 PDT"]
[Termination "Susal_De_Silva won by checkmate"]

1. e4 e5 2. Nf3 Nc6 3. Bc4 Nf6 4.
d3 h6 5. O-O d6 6. Re1 g5 7.
Nc3 Bg7 8. Ne2 Na5 9. Bb3 Nxb3 10. axb3 Nh5 11. Ng3 Nxg3 12. hxg3 Bg4 13. Be3 Qf6 14. c3 O-O 15. d4 a6 16. Qe2 Rfe8 17. Rad1 Qg6 18. Qd3 Qf6 19. Bc1 Qg6 20. Rd2 Bxf3 21.
gxf3 Re6 22. Kg2 Rae8 23. d5 R6e7 24. Rh1 Rd7 25. g4 a5 26. Rh5 b6 27. Rd1 f6 28.
Qb5 Qf7 29. Be3 Ra8 30. Rc1 Qe8 31. Ra1 Rf7 32. Qc4 Qb8 33. b4 axb4 34. Rxa8 Qxa8 35. Qxb4 Qa6 36. Rh1 Rf8 37. Rc1 Ra8 38. b3 Bf8 39. c4 Kf7 40. Qe1 Qa2 41. Rb1 Ra3 42.
Qh1 Rxb3 43. Qh5+ Kg7 44. Re1 Qa4 45. Rc1 Ra3 46. Rh1 Qd7 47. Qxh6+ Kf7 48. Qh7+ Ke8 49. Qg6+ Qf7 50. Qf5 Qd7 51. Qxf6 Qe7 52. Qg6+ Qf7 53.
Qxg5 Qe7 54. Qf5 Qf7 55. Qc8+ Ke7 56. Qxc7+ Kf6 57. Qd8+ Kg6 58. Qg5# 1-0

[Event "*** SCC Grand Prix: Titled Tuesday Blitz"]
[Site "Chess.com"]
[Date "2020.09.08"]
[Round "10"]
[White "FMOlexandrProhorov"]
[Black "gagtemp"]
[Result "0-1"]
[WhiteElo "2130"]
[BlackElo "1961"]
[TimeControl "180+1"]
[EndTime "11:57:30 PDT"]
[Termination "gagtemp won by checkmate"]

1. e4 d5 2. exd5 Qxd5 3. Nc3 Qd6 4. d4 Nf6 5. Nb5 Qd8 6. c4 c6 7. Nc3 g6 8. Nf3 Bg7 9. h3 O-O 10. Be3 Nbd7 11. Qd2 Nb6 12. O-O-O e6 13. g4 a5 14.
Bg2 a4 15. c5 Nbd5 16. g5 Nh5 17. h4 a3 18. b3 b5 19. Ne4 b4 20. Ne1 f5 21.
gxf6 Nhxf6 22. Nc2 Rb8 23. h5 Nxh5 24. Rxh5 gxh5 25.
Ng5 Nc3 26. Rh1 Nxa2+ 27. Kd1 Nc3+ 28. Ke1 e5 29. Rxh5 exd4 30. Qd3 Bf5 31. Qc4+ Kh8 32. Bxd4 Re8+ 33. Kf1 Bxd4 34. Nxd4 a2 35. Bh3 a1=Q+ 36.
Kg2 Qd5+ 37. Qxd5 Nxd5 38. Bxf5 Nf4+ 39. Kf3 Nxh5 40. Nde6 Qd1+ 41. Kg2 Qd5+ 42. Be4 Qxb3 43. Nf7+ Kg8 44. Neg5 Rf8 45. Bxh7+ Kg7 46. Nd6 Qd5+ 47. f3 Qxg5+ 48. Kf2 Kxh7 49. Ne4 Qd5 50. Ng5+ Kh8 51.
Nh3 Qxc5+ 52. Kg2 Qc2+ 53. Kg1 Qg6+ 54. Kf1 Ra8 55. Nf4 Ra1+ 56. Ke2 Qc2+ 57. Ke3 Re8+ 58. Kd4 Qc5+ 59. Kxc5 Rc1+ 60. Kxb4 Nxf4 61. Kb3 Re3+ 62. Kb2 Rc5 63. Kb1 Re8 64. Kb2 Rb8+ 65. Ka3 Ra5# 0-1

[Event "*** SCC Grand Prix: Titled Tuesday Blitz"]
[Site "Chess.com"]
[Date "2020.09.08"]
[Round "10"]
[White "Parhamov"]
[Black "Guenplen"]
[Result "1-0"]
[WhiteElo "3009"]
[BlackElo "2903"]
[TimeControl "180+1"]
[EndTime "11:57:31 PDT"]
[Termination "Parhamov won on time"]

1. e4 c5 2. Nc3 Nc6 3. Bb5 Nd4 4. Nf3 e6 5. O-O a6 6. Bd3 Nxf3+ 7. Qxf3 Bd6 8. Qh5 Qc7 9. a4 Nf6 10. Qh4 b6 11. f4 c4 12. Be2 Bb7 13. e5 Bc5+ 14. Kh1 Ne4 15. Bf3 Nxc3 16. dxc3 O-O 17. Bxb7 Qxb7 18. f5 exf5 19. Rxf5 Rae8 20. Bg5 Re6 21.
Qxc4 h6 22. Bf4 Be7 23. Bg3 b5 24. axb5 axb5 25. Qd3 Rg6 26. Raf1 d6 27. exd6 Bxd6 28. Rxb5 Qa8 29. Rbf5 Bxg3 30. hxg3 Qb8 31. Rb5 Qc7 32. Rf4 Rd6 33. Qf3 Rfd8 34. Rb7 Rd1+ 35. Kh2 Qc5 36. Rfxf7 Qg1+ 37. Kh3 Qh1+ 38. Kg4 h5+ 39. Kf4 Rf1 40.
Rxg7+ Kh8 41. Rh7+ Kg8 42. Rhg7+ Kh8 43. Rh7+ Kg8 44.
Rbg7+ Kf8 45. Ra7 Rxf3+ 46. gxf3 Qc1+ 47. Kf5 Qxc2+ 48. Kf6 Rd6+ 49. Ke5 Qg6 50. Rh8+ 1-0

[Event "*** SCC Grand Prix: Titled Tuesday Blitz"]
[Site "Chess.com"]
[Date "2020.09.08"]
[Round "10"]
[White "AlexTriapishko"]
[Black "Beltraxtor"]
[Result "1-0"]
[WhiteElo "2752"]
[BlackElo "2588"]
[TimeControl "180+1"]
[EndTime "11:57:31 PDT"]
[Termination "AlexTriapishko won by resignation"]

1. d4 Nf6 2. Nc3 d5 3. Bg5 e6 4. Nf3 c5 5. e4 Be7 6. Bb5+ Bd7 7.
Bxf6 Bxf6 8. exd5 Bxb5 9. Nxb5 Qb6 10. Nc3 cxd4 11. Ne4 exd5 12. Nxf6+ Qxf6 13. Qxd4 Qxd4 14. Nxd4 Nc6 15. O-O-O O-O-O 16. Rhe1 Rd7 17. Re3 Rhd8 18. Rh3 h6 19. Nf5 g6 20. Nxh6 f5 21. Rg3 Ne5 22. f4 Rh7 23. Nxf5 gxf5 24. fxe5 Rxh2 25. Rf1 Rh5 26. Rc3+ Kb8 27. Rcf3 f4 28. Rxf4 Rxe5 29. Kd2 Rg5 30. R1f2 Rdg8 31. Rf8+ Kc7 32. Rxg8 Rxg8 33. Ke3 Kd6 34. c3 Ke5 35. Re2 b6 36. Kf3+ Kd6 37.
g4 Rf8+ 38. Kg3 Rg8 39. Rf2 a5 40. Rf6+ Kc5 41. Kf4 Re8 42. g5 Re2 43. g6 Rxb2 44.
Kg5 Rg2+ 45. Kh6 b5 46. g7 Rh2+ 47. Kg6 Rg2+ 48. Kf7 Rxg7+ 49. Kxg7 Kc4 50. Rc6+ Kd3 51. Rc5 d4 52. cxd4 b4 53. d5 Kd4 1-0

[Event "*** SCC Grand Prix: Titled Tuesday Blitz"]
[Site "Chess.com"]
[Date "2020.09.08"]
[Round "10"]
[White "Tekushka"]
[Black "keepitcool9499"]
[Result "1/2-1/2"]
[WhiteElo "2429"]
[BlackElo "2633"]
[TimeControl "180+1"]
[EndTime "11:57:31 PDT"]
[Termination "Game drawn by repetition"]

1. e4 e6 2. d4 d5 3. Nc3 Nf6 4. e5 Nfd7 5. f4 c5 6. Nf3 Nc6 7. Be3 a6 8. Qd2 b5 9. Nd1 Qb6 10. c3 b4 11. Bd3 bxc3 12. bxc3 cxd4 13. Nxd4 Nxd4 14. Bxd4 Bc5 15. Qe3 Bxd4 16. cxd4 Qb4+ 17. Kf2 O-O 18. Nc3 f5 19. Ne2 Nb6 20. Rab1 Qa5 21. Rhc1 Ra7 22. Rc5 Qxa2 23. Rxb6 Bd7 24. Qc1 h6 25.
Rc7 Rfa8 26. Rxa7 Rxa7 27. Qc5 Kh7 28. Rb8 Bb5 29. Bxb5 axb5 30. Qxb5 Qc2 31. Rb7 Ra2 32. Re7 Qe4 33. g3 Qxd4+ 34. Kf1 Qd1+ 35. Kf2 Qd4+ 36. Kf1 Qd1+ 37. Kf2 Qh1 38. Rxg7+ Kxg7 39. Qd7+ Kf8 40. Qd6+ Kf7 41. Qd7+ Kf8 42. Qd8+ Kf7 43. Qf6+ Kg8 44.
Qxe6+ Kh7 45. Qf7+ Kh8 46. Qf6+ Kh7 47. Qxf5+ Kh8 48.
Qf6+ Kh7 49. Qf7+ Kh8 50. Qe8+ Kh7 51. Qd7+ Kh8 52. Qc8+ Kh7 53. Qb7+ Kh8 54. Qc8+ Kh7 55. Qf5+ Kh8 56. Qf6+ Kh7 57. Qf7+ Kh8 58. Qf8+ Kh7 59. Qf5+ 1/2-1/2

[Event "*** SCC Grand Prix: Titled Tuesday Blitz"]
[Site "Chess.com"]
[Date "2020.09.08"]
[Round "10"]
[White "TigrVShlyape"]
[Black "Paladin61"]
[Result "1-0"]
[WhiteElo "2814"]
[BlackElo "2642"]
[TimeControl "180+1"]
[EndTime "11:57:32 PDT"]
[Termination "TigrVShlyape won on time"]

1. d4 Nf6 2. Nf3 g6 3. c3 Bg7 4. Bg5 O-O 5. Nbd2 d6 6. e4 c5 7. dxc5 dxc5 8. Bc4 Nc6 9. O-O Qc7 10. Qe2 Nh5 11.
Qe3 b6 12. Rfe1 Bb7 13. e5 Bh8 14. Bh6 Ng7 15. Ng5 Qc8 16. f4 Na5 17. Be2 f6 18.
Nge4 Nf5 19. Qh3 Nxh6 20. Qxh6 Bg7 21. Qh4 Qc7 22. Bg4 f5 23. Ng5 h6 24. Bf3 hxg5 25.
Qxg5 e6 26. b4 Nc6 27. bxc5 Ne7 28. Bxb7 Qxb7 29. Nc4 Qc7 30. Nd6 Qxc5+ 31. Kh1 Qc7 32. c4 Nc8 33. Rad1 Nxd6 34. exd6 Qf7 35. d7 Rad8 36.
h4 Rxd7 37. Rxd7 Qxd7 38. Qxg6 Qf7 39. Rxe6 Qxg6 40. Rxg6 Rc8 41. Rg5 Rxc4 42. Rxf5 Ra4 43. g4 Rxa2 44. Rd5 Ra5 45. Rd8+ Bf8 46. Kg2 b5 47.
Rb8 b4 48. g5 Ra6 49. Rb7 Rb6 50. Rxa7 1-0

[Event "*** SCC Grand Prix: Titled Tuesday Blitz"]
[Site "Chess.com"]
[Date "2020.09.08"]
[Round "10"]
[White "Hasangatin_Ramil"]
[Black "Snegokhod"]
[Result "0-1"]
[WhiteElo "2571"]
[BlackElo "2416"]
[TimeControl "180+1"]
[EndTime "11:57:33 PDT"]
[Termination "Snegokhod won on time"]

1. e4 c5 2. Nf3 e6 3. g3 Nc6 4. Bg2 d6 5. O-O Nf6 6. Re1 Be7 7. c3 O-O 8. d4 cxd4 9. cxd4 d5 10. exd5 exd5 11. Nc3 Bg4 12. h3 Bf5 13. Ne5 Rc8 14. Bg5 Be6 15. Qd2 h6 16. Bf4 Bb4 17. Re3 Ne4 18. Qd3 Nxe5 19. dxe5 Nxc3 20. bxc3 Rxc3 21.
Qb1 Qa5 22. a3 Bc5 23. Rxc3 Qxc3 24. Ra2 g5 25. Rc2 Qxa3 26. Bc1 Qb4 27. Qa1 Bd4 28.
Bb2 Bb6 29. Ba3 Qb3 30. Rb2 Qc3 31. Bxf8 Kxf8 32. Qb1 Qxe5 33. Rd2 Qc3 34. Rd3 Qc5 35. Qb2 Ke7 36. Rc3 Qd4 37. Rc7+ Kd6 38. Qxd4 Bxd4 39.
Rxb7 Bb6 40. Rb8 Kc6 41. Kf1 a6 42. Ke2 a5 43. f4 gxf4 44. gxf4 a4 45. Kd3 a3 46.
Ra8 Bc5 47. Kc3 Bd6 48. Ra6+ Kc7 49. Kd4 Bxf4 50. Rxa3 Kd6 51. Ra6+ Ke7 52. h4 Bg3 53. h5 Bf2+ 0-1

[Event "*** SCC Grand Prix: Titled Tuesday Blitz"]
[Site "Chess.com"]
[Date "2020.09.08"]
[Round "10"]
[White "peixe64"]
[Black "chesslh19"]
[Result "0-1"]
[WhiteElo "2323"]
[BlackElo "2223"]
[TimeControl "180+1"]
[EndTime "11:57:34 PDT"]
[Termination "chesslh19 won by checkmate"]

1. e4 e5 2. Nf3 Nf6 3. Nxe5 d6 4. Nf3 Nxe4 5. Nc3 Nxc3 6. dxc3 Be7 7. Be3 Nc6 8. Qd2 Be6 9. Bd3 Bf6 10. a3 Qd7 11.
O-O-O O-O-O 12. h3 a6 13. g4 h6 14. Rhg1 Kb8 15. Kb1 Ne5 16. Nxe5 dxe5 17. Qe2 Qc6 18. f3 Rhe8 19. Be4 Qc4 20. Qxc4 Bxc4 21. b3 Be6 22. c4 Bg5 23. Bf2 Rxd1+ 24. Rxd1 Rd8 25. Rxd8+ Bxd8 26. c5 c6 27. h4 g6 28. Bg3 Bc7 29. g5 hxg5 30.
hxg5 Kc8 31. Kc1 Kd7 32. Kd2 Bd8 33. Bxe5 Bxg5+ 34. Kd3 Be7 35. b4 f5 36. Ke3 fxe4 37. fxe4 g5 38. Kf3 g4+ 39. Kg3 Ke8 40. Kf4 Kf7 41. Bb8 Kg6 42. a4 Kh5 43. e5 Bg5+ 44. Kg3 Bd2 45. b5 axb5 46. axb5 cxb5 47. Bd6 Be1+ 48. Kg2 g3 49. Kf1 Bf2 50. Be7 Bc4+ 51. Kg2 Kg4 52. Bd6 Bd5+ 53. Kf1 Bd4 54. e6 g2+ 55. Ke2 Bxe6 56. c6 bxc6 57. Kd3 g1=Q 58. Bb4 Qe3# 0-1

[Event "*** SCC Grand Prix: Titled Tuesday Blitz"]
[Site "Chess.com"]
[Date "2020.09.08"]
[Round "10"]
[White "CHESSMASTER759"]
[Black "chenxiaoyuer"]
[Result "1-0"]
[WhiteElo "2620"]
[BlackElo "2480"]
[TimeControl "180+1"]
[EndTime "11:57:37 PDT"]
[Termination "CHESSMASTER759 won by resignation"]

1. e4 c5 2. c3 d5 3. exd5 Qxd5 4. Nf3 Nc6 5. Na3 Nf6 6. Bc4 Qd8 7. O-O e6 8. d4 cxd4 9. Nb5 Bc5 10. cxd4 Bb6 11.
Be3 O-O 12. h3 a6 13. Nc3 Bc7 14. d5 exd5 15. Nxd5 Nxd5 16. Qxd5 Qxd5 17. Bxd5 Rd8 18. Bxc6 bxc6 19. Rac1 Bb7 20. Bd4 Rd5 21. Be3 Rad8 22. b3 a5 23. Rfe1 f6 24. Bc5 R8d7 25. Be3 Kf7 26.
g3 c5 27. Nh2 Bb6 28. Nf1 Ba6 29.
f3 g5 30. Kf2 h5 31. Rc2 Bd3 32. Rc3 Bb5 33. Rec1 Rc7 34. Nd2 Kg6 35. Nc4 Bxc4 36. Rxc4 Kf5 37. g4+ hxg4 38. hxg4+ Ke6 39. Ke2 Kd6 40.
Bf2 Re7+ 41. Kf1 Kc6 42. a3 Kb5 43. R4c3 f5 44. gxf5 Rxf5 45. Kg2 Rd5 46. Kg3 Re2 47.
Be3 Rf5 48. Kg4 Re5 49. Bg1 Re1 50. Rxe1 Rxe1 51. Be3 a4 52. bxa4+ Kxa4 53. Bxc5 Ba5 54. Rc2 Kb3 55. Rg2 Bd8 56. Kf5 Rf1 57. Rg3 Bc7 58.
f4+ Ka4 59. Rxg5 Rxf4+ 60. Ke6 Rc4 61. Kd5 Rc2 62. Kc6 Ba5 63. Rg4+ Kb3 64. Kb5 Be1 65. Re4 Bc3 66. a4 Ra2 67. Rg4 Re2 68. Rg3 Kc2 69.
Kc4 Re4+ 70. Kb5 Kb3 71. a5 Ra4 72. Rxc3+ Kxc3 73. Kxa4 Kc4 74. a6 Kd5 75. a7 Kc6 76.
a8=Q+ Kxc5 77. Qe4 1-0

[Event "*** SCC Grand Prix: Titled Tuesday Blitz"]
[Site "Chess.com"]
[Date "2020.09.08"]
[Round "10"]
[White "ChronicUnhappiness"]
[Black "Artyom_ChessMate"]
[Result "1-0"]
[WhiteElo "2465"]
[BlackElo "2559"]
[TimeControl "180+1"]
[EndTime "11:57:38 PDT"]
[Termination "ChronicUnhappiness won by resignation"]

1. c4 e6 2. d4 d5 3. Nf3 Nf6 4. Bg5 Be7 5. cxd5 exd5 6. Nc3 c6 7. Qc2 g6 8. e3 Bf5 9. Bd3 Bxd3 10. Qxd3 Nbd7 11. Bh6 Ng4 12. Bf4 O-O 13. h3 Ngf6 14.
O-O Re8 15. Rab1 a5 16. Rfc1 Bf8 17. Na4 Ne4 18. Ne5 Nxe5 19. Bxe5 Bd6 20. Bxd6 Nxd6 21. Nc5 h5 22. Qb3 Qe7 23. Nd3 Kg7 24. Qd1 Ne4 25. a4 f6 26. b4 axb4 27. Rxb4 Ra7 28. Qc2 Qd6 29. Rcb1 Re7 30. Nf4 g5 31. Nxh5+ Kh6 32. g4 f5 33. f3 fxg4 34. hxg4 Nf6 35. Nxf6 Qxf6 36. Qh2+ Kg7 37. Kf2 Qe6 38. R1b3 Qf6 39.
a5 Rf7 40. Qg3 Re7 41. Qh2 Rf7 42. Qe5 Qxe5 43. dxe5 Kg6 44. Kg3 Rxa5 45. Rxb7 Rxb7 46. Rxb7 Ra3 47. Kf2 Ra2+ 48. Kg3 Ra3 49. Rc7 Rxe3 50. Rxc6+ Kf7 51. Rc7+ Ke6 52. Rc6+ Kxe5 53. Rg6 d4 54.
Rxg5+ Kd6 55. Rg8 Re2 56. Rd8+ Ke5 57. Re8+ Kd5 58. Rxe2 d3 59. Rd2 Kd4 60. Rxd3+ Kxd3 61. Kf4 1-0

[Event "*** SCC Grand Prix: Titled Tuesday Blitz"]
[Site "Chess.com"]
[Date "2020.09.08"]
[Round "10"]
[White "DinaBelenkaya"]
[Black "Nafania1"]
[Result "0-1"]
[WhiteElo "2282"]
[BlackElo "2395"]
[TimeControl "180+1"]
[EndTime "11:57:38 PDT"]
[Termination "Nafania1 won on time"]

1. e4 e6 2. Qe2 c5 3. g3 Nc6 4. Nf3 g6 5. Bg2 Bg7 6. c3 e5 7. d3 d6 8. Na3 Nge7 9. h4 h6 10. Be3 Be6 11. Qd2 f5 12. Bh3 Qd7 13. h5 g5 14. exf5 Nxf5 15. O-O-O Bxa2 16. c4 Bb3 17. Nb5 O-O 18. Rdg1 a6 19. Nc3 Ncd4 20. Ne1 b5 21. Bxg5 hxg5 22. Qxg5 Qe7 23. Qg6 Rf6 24. Qg4 Qf7 25. Nd5 Rh6 26. Qg5 bxc4 27. Bxf5 Nxf5 28. Qxf5 Qxd5 29. g4 Rf8 30. Qe4 Qxe4 31. dxe4 Rxf2 32.
g5 Re6 33. h6 Bf8 34. g6 Bxh6+ 35. Rxh6 Rff6 36. Kd2 Kg7 37. Ke3 Rxg6 38. Rhxg6+ Rxg6 39. Rh1 Rg3+ 40. Nf3 a5 41. Kf2 Rg4 42. Re1 a4 43. Nd2 Rh4 44. Rg1+ Kf6 45. Ke3 Rh3+ 46. Ke2 Rh2+ 47. Ke3 a3 48. Rf1+ Ke6 49. bxa3 Ba2 50. Rg1 c3 51. Nb1 c2 52. Nc3 Bc4 53. Rc1 Bb3 54.
a4 Rh3+ 0-1

[Event "*** SCC Grand Prix: Titled Tuesday Blitz"]
[Site "Chess.com"]
[Date "2020.09.08"]
[Round "10"]
[White "artichaud"]
[Black "Bastiandash"]
[Result "0-1"]
[WhiteElo "2206"]
[BlackElo "2371"]
[TimeControl "180+1"]
[EndTime "11:57:39 PDT"]
[Termination "Bastiandash won on time"]

1. e4 c5 2. Nf3 e6 3. d3 d5 4. Nbd2 Nf6 5. g3 Nc6 6. Bg2 b5 7. O-O Be7 8. Re1 Bb7 9. e5 Nd7 10. Nf1 Qc7 11. Bf4 h6 12. h4 a5 13. N1h2 a4 14.
a3 b4 15. h5 Ba6 16. Ng4 O-O-O 17.
axb4 Nxb4 18. Rxa4 Kb7 19. Bf1 Nb6 20. Ra1 c4 21. d4 Ra8 22. Ne3 g5 23. hxg6 fxg6 24. Ng4 g5 25. Bd2 h5 26. Nf6 h4 27. Bxg5 hxg3 28. fxg3 Bxf6 29. Bxf6 Rhg8 30. Bh4 Qh7 31. Re2 c3 32. Rh2 Bxf1 33. Kxf1 cxb2 34. Rb1 Ra2 35. Bd8 Qe4 36. Bxb6 Kxb6 37. c3 Ra1 38. Rhxb2 Rxb1 39. Rxb1 Rxg3 40. Rxb4+ Kc7 41. Kf2 Qf4 42. Rb1 Rh3 43.
Kg2 Rg3+ 44. Kf2 Rh3 45. Kg2 Qg3+ 46. Kf1 Rh1+ 47. Ke2 Qg2+ 48. Ke3 Rxd1 49. Rxd1 Qc2 50. Rd3 Qc1+ 51. Ke2 Qc2+ 52. Ke3 Qa4 53. Nd2 Qd1 0-1

[Event "*** SCC Grand Prix: Titled Tuesday Blitz"]
[Site "Chess.com"]
[Date "2020.09.08"]
[Round "10"]
[White "gumimis"]
[Black "juli2512"]
[Result "1-0"]
[WhiteElo "2191"]
[BlackElo "2043"]
[TimeControl "180+1"]
[EndTime "11:57:43 PDT"]
[Termination "gumimis won on time"]

1. e4 c5 2. Nf3 d6 3. d4 cxd4 4. Nxd4 Nf6 5. Nc3 Nc6 6. Bg5 e6 7. f4 Nxd4 8. Qxd4 Be7 9. O-O-O O-O 10. Bxf6 gxf6 11. g4 Qa5 12. h4 Qc5 13. Qd2 Bd7 14. g5 Bc6 15. Bd3 b5 16. Rdg1 Kh8 17. Rh2 Qxg1+ 18.
Nd1 d5 19. exd5 Bxd5 20. gxf6 Bxf6 21. Qe2 Rg8 22. Qh5 Rg7 23. Rd2 Qg4 24. Qh6 Qxh4 25.
Qxh4 Bxh4 26. Bxb5 Bg3 27. Kb1 Bxf4 28. Rd3 Rg1 29. b3 Rc8 30. Kb2 Be5+ 31. c3 Bf6 32. Ka3 a5 33. c4 Be4 34. Rd7 Bg6 35. Ne3 h5 36. Ka4 Ra1 37. Kxa5 Rxa2+ 38. Kb6 h4 39. Ng4 Bg7 40. Kb7 Rca8 41. c5 R2a7+ 42. Kb6 Rxd7 43. Bxd7 h3 44. c6 Bf5 45. Nh2 Be5 46. Nf3 Bf4 47.
b4 Be4 48. Kb7 Rb8+ 49. Ka7 Rxb4 50. Ng5 Bxg5 51. c7 Rc4 52. c8=Q+ 1-0

[Event "*** SCC Grand Prix: Titled Tuesday Blitz"]
[Site "Chess.com"]
[Date "2020.09.08"]
[Round "10"]
[White "Artem_Sadovsky"]
[Black "KetiGrant"]
[Result "0-1"]
[WhiteElo "2515"]
[BlackElo "2385"]
[TimeControl "180+1"]
[EndTime "11:57:45 PDT"]
[Termination "KetiGrant won by checkmate"]

1. Nf3 Nf6 2. g3 g6 3. Bg2 Bg7 4. O-O O-O 5. c4 d6 6. b3 c5 7. Bb2 Nc6 8. e3 e5 9. d4 exd4 10.
exd4 Ne4 11. Nbd2 f5 12. Re1 Re8 13. Rb1 cxd4 14. Nxe4 fxe4 15. Nxd4 Nxd4 16. Bxd4 Bf5 17. Rb2 Qc7 18. Rd2 Rad8 19. g4 Bc8 20. Bxe4 Be5 21. Bd5+ Kg7 22. Rde2 Bxg4 23. Rxe5 dxe5 24. Qxg4 exd4 25.
Qxd4+ Kh6 26. Qh4+ Kg7 27. Qd4+ Kh6 28. Re3 Rxe3 29.
Qxe3+ Kg7 30. Qd4+ Kh6 31. Qe3+ Kg7 32. Qd4+ Kh6 33.
Qxa7 Re8 34. Qd4 Qe7 35. Qe3+ Qxe3 36. fxe3 Rxe3 37. Bxb7 Re2 38. c5 Rxa2 39. c6 Rc2 40. b4 Kg5 41. b5 Kf4 42. b6 Ke5 43. c7 Kd6 44. c8=Q Rxc8 45. Bxc8 Kc6 46. b7 Kc7 47.
Kg2 g5 48. Kg3 h5 49. h4 g4 50. Bxg4 Kxb7 51. Kf4 Kc6 52. Ke4 Kd6 53. Kf5 Ke7 54.
Kg6 hxg4 55. h5 g3 56. h6 g2 57. h7 g1=Q+ 58. Kh6 Qh2+ 59. Kg7 Qg3+ 60. Kh8 Qe5+ 61.
Kg8 Qg5+ 62. Kh8 Qf6+ 63. Kg8 Qf8# 0-1